 Dungeon Crawl Stone Soup version 0.29-a0-283-ga02f740833 (webtiles) character file.

Game seed: 1749465246940249228

538 PaleWalker the Thrower (level 7, -8/70 (84) HPs)
             Began as a Gnoll Wanderer on Mar 13, 2022.
             Was a Believer of Wu Jian.
             Mangled by a wight
             ... wielding a +3 short sword
              (11 damage)
             ... on level 5 of the Dungeon.
             The game lasted 00:13:51 (3971 turns).

PaleWalker the Thrower (Gnoll Wanderer)             Turns: 3971, Time: 00:13:52

HP:   -8/70 (84)    AC: 23    Str: 15    XL:     7   Next: 26%
MP:   12/12         EV:  2    Int: 11    God:    Wu Jian [**....]
Gold: 29            SH:  0    Dex: 10    Spells: 13/13 levels left

rFire   + . .      SeeInvis .   k - +0 short sword (venom)
rCold   . . .      Faith    .   (no shield)
rNeg    . . .      Spirit   .   (body armour currently unavailable)
rPois   +          Reflect  .   (helmet currently unavailable)
rElec   .          Harm     .   (cloak currently unavailable)
rCorr   .          Rampage  .   (gloves currently unavailable)
Will    .....      NoTele   +   (boots currently unavailable)
Stlth   ++........              (no amulet)
HPRegen 0.21/turn               m - ring of protection from fire
MPRegen 0.13/turn               (no ring)

@: tree-form, heavily drained
A: stationary, stasis, torment immunity, boosted hp, (fangs 1), strong nose,
distributed training
a: Renounce Religion, Wall Jump


You were on level 5 of the Dungeon.
You worshipped Wu Jian.
Wu Jian was pleased with you.
You were a tree.
You visited 1 branch of the dungeon, and saw 5 of its levels.

You collected 636 gold pieces.
You spent 607 gold pieces at shops.

Inventory:

Hand Weapons
 a - a +1 vorpal dagger
 k - a +0 short sword of venom (weapon)
Missiles
 b - 4 curare-tipped darts
 d - a boomerang
 i - 98 stones (quivered)
 r - 4 poisoned darts
Armour
 q - a +2 helmet (melded)
 u - a +0 cloak
 y - a +4 scale mail of fire resistance (melded)
 z - a scarf of shadows (melded)
 A - a +2 pair of boots (melded)
Jewellery
 m - a ring of protection from fire (left branch)
Wands
 t - a wand of acid (8)
Scrolls
 f - 5 scrolls of identify {unknown}
 j - a scroll of immolation {unknown}
 o - a scroll of amnesia {unknown}
 v - a scroll of noise {unknown}
 w - 2 scrolls of holy word {unknown}
Potions
 e - 2 potions of magic {unknown}
 g - a potion of brilliance {unknown}
 h - 2 potions of curing
 n - 2 potions of resistance {unknown}
 p - a potion of mutation {unknown}
 s - a potion of berserk rage {unknown}
Miscellaneous
 x - a tin of tremorstones (1/2)


   Skills:
 + Level 5.2 Fighting
 + Level 2.3 Short Blades
 + Level 2.3 Long Blades
 + Level 2.3 Axes
 + Level 2.3 Maces & Flails
 + Level 2.3 Polearms
 + Level 2.3 Staves
 + Level 2.3 Slings
 + Level 2.3 Bows
 + Level 2.3 Crossbows
 + Level 10.7 Throwing
 + Level 2.3 Armour
 + Level 2.3 Dodging
 + Level 3.4 Stealth
 + Level 2.3 Shields
 + Level 2.3 Unarmed Combat
 + Level 3.7 Spellcasting
 + Level 1.9 Conjurations
 + Level 1.9 Hexes
 + Level 1.9 Summonings
 + Level 2.9 Necromancy
 + Level 1.9 Translocations
 + Level 1.9 Transmutations
 + Level 1.9 Fire Magic
 + Level 1.9 Ice Magic
 + Level 1.9 Air Magic
 + Level 1.9 Earth Magic
 + Level 1.9 Poison Magic
 + Level 2.6 Invocations
 + Level 2.3 Evocations


You had 13 spell levels left.
You didn't know any spells.
Your spell library contained the following spells:

 Spells                   Type           Power      Damage    Failure   Level
 Sublimation of Blood     Necr           8%         N/A       11%         2
 Corpse Rot               Necr/Air       14%        N/A       14%         2


Dungeon Overview and Level Annotations

Branches:
Dungeon (5/15)
 Temple: D:4-7

Altars:
Wu Jian

Shops:
D:1 *   D:5 [

Annotations:
D:3 2 transporters, Gibbon's ghost, amateur HuCj


Innate Abilities, Weirdness & Mutations

You are a tree.
Your roots penetrate the ground, keeping you stationary.
You cannot be teleported.
You are immune to unholy pain and torment.
Your maximum health is greatly increased.
Your equipment is partially melded.
((You have very sharp teeth.))
Your uncanny sense of smell can sniff out nearby items.
Your experience applies equally to all skills.


Message History

You feel drained. The wight freezes you.
You hit the wight but do no damage.
The wight is moderately damaged.
The wight barely misses you.
You hit the wight but do no damage. You bite the wight, but do no damage.
The wight is moderately damaged.
The wight hits you with a +4 falchion of freezing.
You feel drained. The wight freezes you.
The wight hits you with a +0 great sword!
You feel drained.
A wight comes into view. It is wielding a +2 war axe.
Aiming: Corrosive Bolt
Press: ? - help, Shift-Dir - straight line, f - wight, p - wight
Aim: a wight, wielding a +0 great sword and wearing a +0 robe (heavily damaged, 71% to hit)
Okay, then.
The tremorstone explodes into fragments!
The burst of rock shards engulfs the wight!
The burst of rock shards engulfs the wight but does no damage.
You hear an angry hiss.
You hear a bark!
The wight hits you with a +4 falchion of freezing!
The wight freezes you.
Aiming: Corrosive Bolt
Press: ? - help, Shift-Dir - straight line, f - wight, p - wight
Aim: a wight, wielding a +0 great sword and wearing a +0 robe (heavily damaged, 71% to hit)
The bolt of acid misses the wight.
The wight barely misses you. The wight hits you but does no damage.
The wight hits you with a +0 great sword!
* * * LOW HITPOINT WARNING * * *
You feel drained.
* * * LOW HITPOINT WARNING * * *
Really quaff the potion of lignification?
You turn into a tree.
Your scarf of shadows melds into your body.
Your +2 helmet melds into your body.
Your +2 pair of boots melds into your body.
Your +4 scale mail of fire resistance melds into your body.
The dungeon's light returns to normal.
You feel less resistant to fire.
Your roots penetrate the ground.
The wight hits you but does no damage. x2
The wight hits you with a +3 short sword!
You die...

............#.
.............#
............#.
..........###
....###z..#
##..###...#
#..#.#...###
#.#...zz...##
#.#..z♣.....#
.............#
.#.#.........#
###.....#...#
.##.......##.##
.........>.###.#
.........##...####
.........#...####
........#...)..#


You could see 4 wights.

Vanquished Creatures
  A water moccasin (D:4)
  An ogre (D:4)
  An orc priest (D:2)
  2 hounds (D:4)
  3 iguanas
  3 gnolls (D:2)
  2 adders
  4 worms
  2 dart slugs (D:1)
  16 orcs
  4 bats (D:1)
  6 endoplasms
  4 giant cockroaches
  13 goblins
  2 hobgoblins
  13 jackals
  6 quokkas
  7 ball pythons
  3 frilled lizards
  5 kobolds
  10 rats
108 creatures vanquished.

Notes
Turn   | Place    | Note
-------+----------+-------------------------------------------
     0 | D:1      | Reached skill level 10 in Throwing
     0 | D:1      | PaleWalker the Gnoll Wanderer began the quest for the Orb.
     0 | D:1      | PaleWalker set off with the following items: a +1 vorpal
                  | dagger, 4 curare-tipped darts, a potion of lignification, a
                  | +0 leather armour; and the following spells available to
                  | memorise: Sublimation of Blood, Corpse Rot
     0 | D:1      | Reached XP level 1. HP: 20/20 MP: 4/4
     9 | D:1      | Found Veloca's Assorted Antiques.
   286 | D:1      | Reached XP level 2. HP: 15/26 MP: 5/5
   647 | D:1      | Reached XP level 3. HP: 27/31 MP: 7/7
   905 | D:1      | Reached skill level 1 in Invocations
  1143 | D:2      | Noticed a floating eye
  1146 | D:2      | Noticed a shining eye
  1153 | D:2      | Found a faded altar of an unknown god.
  1173 | D:2      | Noticed a great orb of eyes
  1200 | D:2      | Reached skill level 1 in Short Blades
  1200 | D:2      | Reached skill level 1 in Long Blades
  1200 | D:2      | Reached skill level 1 in Axes
  1200 | D:2      | Reached skill level 1 in Maces & Flails
  1200 | D:2      | Reached skill level 1 in Polearms
  1200 | D:2      | Reached skill level 1 in Staves
  1200 | D:2      | Reached skill level 1 in Slings
  1200 | D:2      | Reached skill level 1 in Bows
  1200 | D:2      | Reached skill level 1 in Crossbows
  1200 | D:2      | Reached skill level 1 in Armour
  1200 | D:2      | Reached skill level 1 in Dodging
  1200 | D:2      | Reached skill level 1 in Shields
  1200 | D:2      | Reached skill level 1 in Unarmed Combat
  1200 | D:2      | Reached skill level 1 in Evocations
  1319 | D:2      | Reached XP level 4. HP: 21/38 MP: 8/8
  1324 | D:2      | Reached skill level 1 in Conjurations
  1324 | D:2      | Reached skill level 1 in Hexes
  1324 | D:2      | Reached skill level 1 in Summonings
  1324 | D:2      | Reached skill level 1 in Translocations
  1324 | D:2      | Reached skill level 1 in Transmutations
  1324 | D:2      | Reached skill level 1 in Fire Magic
  1324 | D:2      | Reached skill level 1 in Ice Magic
  1324 | D:2      | Reached skill level 1 in Air Magic
  1324 | D:2      | Reached skill level 1 in Earth Magic
  1324 | D:2      | Reached skill level 1 in Poison Magic
  1659 | D:2      | Reached XP level 5. HP: 43/43 MP: 9/9
  1990 | D:2      | Noticed a shining eye
  1999 | D:2      | Prayed at the altar of an unknown god.
  1999 | D:2      | Became a worshipper of the Wu Jian Council
  1999 | D:2      | Reached * piety under Wu Jian
  2479 | D:3      | Found a transporter.
  2482 | D:3      | Noticed Gibbon's ghost (amateur HuCj)
  2483 | D:3      | Found a transporter.
  2483 | D:3      | Noticed an ogre
  2484 | D:3      | Identified the +6 dire flail "Arbiter" {vamp, rF+ Str+2
                  | Int-5}
  2484 | D:3      | Noticed an ogre
  2830 | D:4      | Reached ** piety under Wu Jian
  2870 | D:4      | Noticed an ogre
  2879 | D:4      | Killed an ogre
  2880 | D:4      | Reached XP level 6. HP: 50/50 MP: 9/11
  3083 | D:4      | Reached skill level 5 in Fighting
  3231 | D:4      | Noticed a water moccasin
  3247 | D:4      | Killed a water moccasin
  3248 | D:4      | Reached XP level 7. HP: 33/56 MP: 12/12
  3784 | D:5      | Entered Level 5 of the Dungeon
  3807 | D:5      | Found Voxotziesh's Antique Armour Boutique.
  3818 | D:5      | Bought a glowing scale mail for 189 gold pieces
  3818 | D:5      | Bought a runed scarf for 216 gold pieces
  3818 | D:5      | Bought a pair of embroidered boots for 202 gold pieces
  3970 | D:5      | HP: 2/47 [wight/+0 great sword (4)]
  3971 | D:5      | Mangled by a wight

Illustrated notes

Levels and vault maps discovered:
D:1:      heliophobic_arrival_enchanted_forest, layout_rooms, serial_shops,
          shop, minmay_misc_feat_enclosed
D:2:      layout_rooms, hellmonk_ecumenical_altar_watching_god,
          minmay_pentomino_r2
D:3:      layout_rooms, gammafunk_ghost_smash, dk_noncrumbling_4, hex_large
D:4:      minmay_polygon_palace, layout_rooms, dk_noncrumbling_3
D:5:      layout_cave_pools, serial_shops, nicolae_shop_stone,
          nicolae_stop_n_shop_1, shop

Skill      XL: |  1  2  3  4  5  6 |
---------------+-------------------+-----
Throwing       | | 10.7
Necromancy     | 2 |  2.9
Invocations    | 1 2 |  2.6
Short Blades   | 1 2 |  2.3
Long Blades    | 1 2 |  2.3
Axes           | 1 2 |  2.3
Maces & Flails | 1 2 |  2.3
Polearms       | 1 2 |  2.3
Staves         | 1 2 |  2.3
Slings         | 1 2 |  2.3
Bows           | 1 2 |  2.3
Crossbows      | 1 2 |  2.3
Armour         | 1 2 |  2.3
Dodging        | 1 2 |  2.3
Shields        | 1 2 |  2.3
Unarmed Combat | 1 2 |  2.3
Evocations     | 1 2 |  2.3
Spellcasting   | 3 |  3.7
Conjurations   | 1 |  1.9
Hexes          | 1 |  1.9
Summonings     | 1 |  1.9
Translocations | 1 |  1.9
Transmutations | 1 |  1.9
Fire Magic     | 1 |  1.9
Ice Magic      | 1 |  1.9
Air Magic      | 1 |  1.9
Earth Magic    | 1 |  1.9
Poison Magic   | 1 |  1.9
Stealth        | 3 |  3.4
Fighting       | 5 |  5.2

Action                   |  1- 3 |  4- 6 |  7- 9 || total
-------------------------+-------+-------+-------++-------
Melee: Dagger            |    40 |       |       ||    40
       Bite              |     3 |     8 |     2 ||    13
       Short sword       |    15 |   103 |    19 ||   137
       Punch             |       |     1 |       ||     1
Throw: Dart              |     5 |     2 |       ||     7
       Stone             |    61 |   125 |    65 ||   251
       Boomerang         |       |    19 |       ||    19
Invok: Lunge             |       |     1 |       ||     1
Evoke: Wand              |       |       |     1 ||     1
       Tin of tremorston |       |       |     1 ||     1
  Use: Potion            |       |     1 |     1 ||     2
Armor: Leather armour    |    13 |       |       ||    13
       Chain mail        |     6 |    74 |    27 ||   107
       Scale mail        |       |       |     6 ||     6
       Skin              |       |       |     2 ||     2
Dodge: Dodged            |    27 |    30 |    14 ||    71

Table legend: (Time is in decaauts)
 A = Elapsed time spent in this place.
 B = Non-inter-level travel time spent in this place.
 C = Inter-level travel time spent in this place.
 D = Time resting spent in this place.
 E = Time spent auto-exploring this place.
 F = Levels seen in this place.
 G = Mean time per level.
                   A        B        C        D        E       F      G
               +--------+--------+--------+--------+--------+-----+--------+
         Total |   3889 |   3832 |     57 |      0 |   2989 |   5 |  777.8 |
       Dungeon |   3889 |   3832 |     57 |      0 |   2989 |   5 |  777.8 |
               +--------+--------+--------+--------+--------+-----+--------+

Top non-repeatable levels by time:
     D:1: 1125 daAuts
     D:4: 1061 daAuts
     D:2: 903 daAuts
     D:3: 616 daAuts
     D:5: 181 daAuts
